 Dungeon Crawl Stone Soup version 0.18-a0-1497-g788d838 (webtiles) character file.

478 Karasique the Cudgeler (level 6, -12/51 HPs)
             Began as a Demigod Wanderer on Mar 4, 2016.
             Mangled by Menkaure (17 damage)
             ... on level 4 of the Dungeon.
             The game lasted 00:06:22 (3898 turns).

Karasique the Cudgeler (Demigod Wanderer)           Turns: 3898, Time: 00:06:22

Health: -12/51     AC:  5    Str: 15    XL:     6   Next: 55%
Magic:  0/11       EV:  9    Int: 18    God:
Gold:   213        SH:  8    Dex: 17    Spells: 0 memorised, 8 levels left

rFire  . . .     SeeInvis .     e - +0 flail (drain)
rCold  . . .     Gourm    .     b - +0 ring mail
rNeg   . . .     Faith    .     u - +0 shield
rPois  .         Spirit   +     (no helmet)
rElec  .         Dismiss  .     (no cloak)
rCorr  .         Reflect  .     (no gloves)
SustAt +         Harm     .     (no boots)
MR     +....                    r - amulet of guardian spirit
Stlth  +.........               p - ring of protection from magic
                                k - +2 ring of evasion

@: drained, somewhat resistant to hostile enchantments, very unstealthy
A: high mp 1, sustain attributes
a: no special abilities


You were on level 4 of the Dungeon.
You were not hungry.

You visited 1 branch of the dungeon, and saw 4 of its levels.

You collected 213 gold pieces.

Inventory:

Hand Weapons
 e - a +0 flail of draining (weapon)
Armour
 b - a +0 ring mail (worn)
 u - a +0 shield (worn)
Jewellery
 f - an uncursed ring of fire
 k - a +2 ring of evasion (left hand)
 p - a ring of protection from magic (right hand)
 r - an amulet of guardian spirit (around neck)
Scrolls
 i - 3 scrolls of remove curse
 l - a scroll of fear
 q - a scroll of random uselessness {unknown}
 t - a scroll of teleportation {unknown}
Potions
 c - a potion of curing
 g - a potion of might
 m - 3 potions of heal wounds
 n - a potion of berserk rage {unknown}
 o - a potion of mutation {unknown}
 s - a potion of flight {unknown}
Comestibles
 a - a slice of pizza
 d - a bread ration
 h - 2 meat rations
 j - a chunk of flesh


   Skills:
 + Level 3.6(3.1) Fighting
 + Level 6.0(5.5) Maces & Flails
 - Level 1.0(0.5) Armour
 - Level 1.7(1.3) Shields
 - Level 1.7(1.3) Spellcasting
   Level 1.0(0.5) Transmutations


You had 8 spell levels left.
You didn't know any spells.

Dungeon Overview and Level Annotations

Branches:
Dungeon (4/15)
 Temple: D:4-7

Annotations:
D:4 Menkaure


Innate Abilities, Weirdness & Mutations

You have an increased reservoir of magic (+10% MP).
Your attributes are resistant to harm.


Message History

Menkaure seems to speed up.
Drink which item? (? for menu, Esc to quit)
Okay, then.
You hit Menkaure but do no damage.
Menkaure is lightly damaged.
Menkaure hits you. Menkaure closely misses you.
You sock Menkaure!
Menkaure is heavily damaged.
Menkaure barely misses you.
Your shield and ring mail prevent you from hitting Menkaure.
Menkaure is heavily damaged.
Menkaure calls on the powers of darkness!
Your body is wracked with pain!
Menkaure misses you.
You hit Menkaure.
Menkaure is severely damaged.
Menkaure hits you.
You hit Menkaure.
Menkaure is severely damaged.
Menkaure hits you!!
You die...

###...(.(......>.(.#
###≈≈...≈≈...........####
#≈≈≈≈$.)≈≈≈≈.............
≈≈≈##'''##≈≈≈≈≈≈#########
≈≈ #.....#≈≈≈≈≈≈≈# #
#..))÷#h....≈≈≈# #
#.....#......≈≈# #
#.....##'##..≈≈# #
#....@# # #....M# #
#.....# #.....# ........
......... ..####### ..


You could see Menkaure.

Vanquished Creatures
  Grinder (D:4)
  An orc priest (D:3)
  3 orc wizards
  Jessica (D:3)
  2 worker ants (D:4)
  2 adders (D:3)
  An ooze (D:1)
  2 worms
  10 orcs
  6 giant cockroaches
  9 goblins
  4 hobgoblins
  5 jackals
  3 kobolds
  3 quokkas
  6 bats
  3 giant newts
  2 quokka skeletons (D:4)
  7 rats
71 creatures vanquished.

Notes
Turn   | Place    | Note
--------------------------------------------------------------
     0 | D:1      | Karasique the Demigod Wanderer began the quest for the Orb.
     0 | D:1      | Karasique set off with: a +2 mace, a +0 ring mail, a potion of curing, a bread ration
     0 | D:1      | Reached XP level 1. HP: 17/17 MP: 5/5
   132 | D:1      | Reached skill level 2 in Maces & Flails
   647 | D:1      | Reached XP level 2. HP: 21/24 MP: 7/7
   881 | D:1      | Reached skill level 3 in Maces & Flails
  1170 | D:2      | Found a white marble altar of Elyvilon.
  1557 | D:2      | Reached XP level 3. HP: 20/29 MP: 8/8
  2103 | D:3      | Noticed Jessica
  2111 | D:3      | Killed Jessica
  2111 | D:3      | Reached skill level 4 in Maces & Flails
  2111 | D:3      | Reached XP level 4. HP: 36/36 MP: 9/9
  2599 | D:4      | Reached skill level 5 in Maces & Flails
  2997 | D:3      | Reached XP level 5. HP: 33/41 MP: 7/10
  3203 | D:4      | Noticed Grinder
  3349 | D:4      | Paralysed by Grinder for 7 turns
  3370 | D:4      | Killed Grinder
  3370 | D:4      | Reached XP level 6. HP: 22/51 MP: 7/11
  3635 | D:4      | Reached skill level 6 in Maces & Flails
  3760 | D:4      | Found a sparkling altar of Nemelex Xobeh.
  3773 | D:4      | Noticed Menkaure
  3898 | D:4      | Mangled by Menkaure

Vault maps used:
D:1:      dpeg_arrival_central
D:2:      lemuel_crystal_altar
D:3:      minmay_ruptured, uniq_jessica
D:4:      kennysheep_goblin_castle, nicolae_overflow_hidden_temple,
          serial_bayou_pond_d, uniq_grinder, uniq_menkaure

Skill      XL: |  1  2  3  4  5  6 |
---------------+-------------------+-----
Maces & Flails | 2 3 4 5 6 |  6.0
Fighting       | 2 3 |  3.6
Armour         | |  1.0
Shields        | |  1.7
Spellcasting   | |  1.7
Transmutations | |  1.0

Action                   |  1- 3 |  4- 6 || total
-------------------------+-------+-------++-------
Melee: Mace              |   115 |   118 ||   233
       Flail             |       |    21 ||    21
  Use: Scroll            |     2 |     3 ||     5
       Potion            |       |     1 ||     1
  Eat: Chunk             |     3 |     7 ||    10
